[Event "Early-Titled-Tuesday-Blitz-January-30-2024"]
[Site "Chess.com"]
[Date "2024.01.30"]
[Round "2"]
[White "JoachimBN"]
[Black "Zohid6"]
[Result "1-0"]
[WhiteElo "2591"]
[BlackElo "2856"]
[TimeControl "180+1"]
[EndTime "8:20:32 PST"]
[Termination "JoachimBN won by resignation"]

1. d4 Nf6 2. c4 e6 3. Nc3 Bb4 4.
f3 c5 5. d5 O-O 6. e4 b5 7. Nh3 d6 8. Nf2 Re8 9. Bg5 h6 10. Bd2 Nbd7 11. dxe6 Rxe6 12. cxb5 d5 13. Be2 d4 14. Na4 Qa5 15. b3 a6 16. bxa6 Bxa6 17.
Bxa6 Rexa6 18. Bxb4 Qxb4+ 19. Qd2 Qb5 20. Rc1 Re8 21.
Qd3 Qb4+ 22. Qd2 Qb5 23. Qd3 Qb7 24. O-O Ra5 25. Qd2 Rb5 26. Nd3 Rc8 27. Ndb2 Rb4 28. Nc4 Qa6 29. Rc2 Ra8 30. Rfc1 Qe6 31. Ncb2 Rbb8 32. Nd3 Qe8 33. Ndxc5 Ne5 34. Qxd4 Rd8 35. Qf2 Rab8 36. Rd2 Rxd2 37. Qxd2 Rd8 38. Qe2 Qe7 39. Rd1 Rc8 40. Qf2 Qa7 41. Nd3 Qd7 42. Ndb2 Qe7 43. Nd3 Qd7 44. Ndb2 Qe7 45. h3 Nh5 46. Nb6 Rb8 47.
Nd5 Qg5 48. f4 Qd8 49. fxe5 Qe8 50. Nc4 Qe6 51. g4 Qg6 52. Qg2 Rb7 53. gxh5 Qe6 54. Rf1 Ra7 55. Nd6 Kh8 56. Nxf7+ Rxf7 57. Rxf7 Qxf7 58.
Qg4 Qa7+ 59. Kg2 Qxa2+ 60. Kg3 Qxb3+ 61. Qf3 Qb2 62. Qf8+ Kh7 63. Qf5+ Kh8 64. e6 Qb3+ 65. Kf4 Qb8+ 66. Qe5 Qf8+ 67. Kg4 Qf2 68. e7 Qe2+ 69.
Kf5 Qxh5+ 70. Ke6 Qe8 71. Kd6 Qb8+ 72. Nc7 Qb6+ 73. Kd7 Qb2 74. e8=Q+ Kh7 75. Qf5+ 1-0

[Event "Early-Titled-Tuesday-Blitz-January-30-2024"]
[Site "Chess.com"]
[Date "2024.01.30"]
[Round "2"]
[White "winniethepooh04"]
[Black "IngOscarArdila"]
[Result "1-0"]
[WhiteElo "2549"]
[BlackElo "2324"]
[TimeControl "180+1"]
[EndTime "8:20:34 PST"]
[Termination "winniethepooh04 won by resignation"]

1. d4 Nf6 2. Nf3 e6 3. Bf4 Be7 4. h3 O-O 5. e3 b6 6. Nbd2 Bb7 7.
Bd3 c5 8. c3 Nc6 9. O-O d6 10.
Qe2 Rc8 11. a4 a5 12. Bh2 Re8 13. Rfe1 Bf8 14. Rad1 e5 15. dxe5 Nxe5 16. Nxe5 dxe5 17. Nc4 Qc7 18. Qc2 Qc6 19. Bf1 Nd7 20. Rxd7 Qxd7 21.
Nxb6 Qc7 22. Nxc8 Rxc8 23. Rd1 f6 24. Bc4+ Kh8 25. Qf5 Qc6 26. Bf1 g6 27. Qc2 Bg7 28.
f3 c4 29. Kh1 Qc5 30. e4 Bc6 31. Bg1 Qe7 32. Bxc4 f5 33. Bd5 Bd7 34. Qb3 fxe4 35. Bxe4 Be6 36. Qb7 Qxb7 37. Bxb7 Rb8 38. Bc6 h5 39.
Bb5 Bb3 40. Rd6 Kh7 41. Ba7 Rf8 42. Bd3 Bf7 43. Bb6 Rb8 44. b4 axb4 45. cxb4 Bf8 46. Rc6 Kg7 47. b5 g5 48. a5 g4 49. hxg4 hxg4 50.
fxg4 Bd5 51. Rc7+ Kf6 52. Kg1 Bb4 53. Kf2 e4 54. Be2 Ke5 55. g5 Rf8+ 56. Ke3 Bd6 57.
Rd7 Ke6 58. Rh7 Bf4+ 59. Kd4 Be5+ 60. Kc5 Bd6+ 61. Kd4 Be5+ 62. Ke3 Bf4+ 63. Kf2 Bxg5+ 64. Ke1 e3 65. Rh5 Bf6 66. Bg4+ Kd6 67. Ke2 Re8 68. Rh6 Ke5 69. Bd4+ Kxd4 70. Rxf6 Bc4+ 71. Ke1 Kd3 72. Be2+ Kd4 73. Bxc4 Kxc4 74. b6 Kd3 75. Rd6+ Ke4 76. a6 Rg8 77. Re6+ Kd3 78. Rd6+ Ke4 79. b7 Rxg2 80.
b8=Q Rg1+ 81. Ke2 Rg2+ 82. Kd1 Rg1+ 83. Kc2 Rg2+ 84. Kc3 Rg1 85. Re6+ Kf3 86. Qe5 Rc1+ 87. Kb2 Re1 88. Qxe3+ Rxe3 89. Rxe3+ Kxe3 90. a7 1-0

[Event "Early-Titled-Tuesday-Blitz-January-30-2024"]
[Site "Chess.com"]
[Date "2024.01.30"]
[Round "2"]
[White "Juicy_Fork"]
[Black "the_chess_child"]
[Result "1/2-1/2"]
[WhiteElo "2440"]
[BlackElo "2879"]
[TimeControl "180+1"]
[EndTime "8:20:35 PST"]
[Termination "Game drawn by stalemate"]

1. e4 c5 2. Nf3 e6 3. d4 cxd4 4.
Nxd4 Nf6 5. Nc3 Nc6 6. a3 Be7 7. Be3 O-O 8. f4 e5 9. Nf5 exf4 10. Bxf4 d5 11. Nxd5 Bxf5 12. Nxf6+ Bxf6 13. Qxd8 Raxd8 14. exf5 Bxb2 15. Rb1 Bd4 16. Bd3 Rfe8+ 17. Kd2 Bb6 18. Rhe1 Ba5+ 19. c3 Rxe1 20. Rxe1 Nd4 21. Re5 Nc6 22.
Re3 Kf8 23. Kc2 Rc8 24. Kb2 Bc7 25. Bxc7 Rxc7 26. Rh3 Ne5 27. Be2 Kg8 28. Kc2 g6 29.
fxg6 hxg6 30. Re3 f6 31. g4 g5 32. h4 gxh4 33. g5 Kf7 34. Bh5+ Ke6 35. Bg4+ Kf7 36. Bh5+ Kg7 37. gxf6+ Kxf6 38. Be2 Rh7 39. Rh3 Ng6 40. Rh2 Nf4 41. Bf3 Kg5 42. c4 h3 43. Kc3 Kh4 44. Rh1 Kg3 45. Be4 Re7 46. Kd4 h2 47. c5 Nh3 48. Re1 Nf2 49. Re3+ Kg4 50. Bf3+ Kf4 51. Rxe7 Kxf3 52. Rh7 h1=Q 53. Rxh1 Nxh1 54. c6 bxc6 55. Kc5 Ke4 56. Kxc6 Kd4 57. Kb7 a5 58. Kb6 a4 59.
Kb5 Kc3 60. Kxa4 Kc4 61. Ka5 Kc5 62. a4 Kc6 63. Ka6 Ng3 64. a5 Ne4 65. Ka7 Kc7 66. Ka6 Nc3 67. Ka7 Nd5 68. Ka6 Kc6 69. Ka7 Kc7 70.
Ka6 Nc3 71. Ka7 Ne4 72. Ka6 Nd6 73. Ka7 Kc6 74. Ka6 Nb7 75. Ka7 Kc7 76. Ka6 Nd6 77. Ka7 Kc6 78. Ka6 Nc8 1/2-1/2

[Event "Early-Titled-Tuesday-Blitz-January-30-2024"]
[Site "Chess.com"]
[Date "2024.01.30"]
[Round "2"]
[White "SantoBlue"]
[Black "Sadykov_Ramil"]
[Result "1-0"]
[WhiteElo "2961"]
[BlackElo "2612"]
[TimeControl "180+1"]
[EndTime "8:20:36 PST"]
[Termination "SantoBlue won on time"]

1. e4 e5 2. Nc3 Nc6 3. Bc4 Bc5 4. d3 d6 5. Nf3 Na5 6. a4 Nxc4 7. dxc4 Nf6 8. h3 h6 9. Qd3 Be6 10. b3 a5 11. Be3 Nd7 12. g4 Bxe3 13. Qxe3 f6 14. O-O-O Nc5 15. Nh4 Qd7 16. Ng6 Rg8 17. f4 exf4 18.
Nxf4 O-O-O 19. Ncd5 Rge8 20. Qc3 b6 21. Rhe1 Bg8 22.
Qf3 Kb8 23. Nd3 Qc6 24. Nxc5 Qxc5 25. Kb2 Re5 26. Nf4 Re7 27. Nd5 Re5 28. Nf4 Re7 29. e5 Bh7 30. Rd5 Qc6 31. e6 Rde8 32. Ne2 Bg8 33. Nd4 Qb7 34. Nf5 Rxe6 35. Red1 Re5 36. Rxe5 Rxe5 37. Qxb7+ Kxb7 38. Nxg7 Re3 39. Rd3 Re2 40.
Nh5 Bh7 41. Rc3 f5 42. Ng3 Rf2 43. gxf5 Bxf5 44. h4 Bg6 45. h5 Bf7 46. Re3 Rh2 47.
Kc3 Bxh5 48. Re7 Kc6 49. Nf5 Bg6 50. Nd4+ Kb7 51. Nb5 Rxc2+ 52. Kd4 Rd2+ 53. Ke3 Rd3+ 54. Ke2 Rxb3 55. Rxc7+ Kb8 56. Rg7 Be4 57. Rg8+ Kb7 58.
Nxd6+ Kc6 59. Nxe4 Ra3 60. Rg6+ Kc7 61. c5 bxc5 62.
Nxc5 Rc3 63. Ne6+ Kc8 64. Kd2 Rc4 65. Kd3 Rxa4 66. Nd4 Rb4 67. Ke4 a4 68. Kd5 Kb7 69.
Kc5 Rb1 70. Rg7+ Ka6 71. Rg6+ Ka5 72. Nc6+ Ka6 73. Nb4+ Kb7 74. Rg7+ Kc8 75. Nd5 Kb8 76. Nb6 1-0

[Event "Early-Titled-Tuesday-Blitz-January-30-2024"]
[Site "Chess.com"]
[Date "2024.01.30"]
[Round "2"]
[White "Yeritsyaan"]
[Black "Rud_Makarian"]
[Result "0-1"]
[WhiteElo "2624"]
[BlackElo "3021"]
[TimeControl "180+1"]
[EndTime "8:20:37 PST"]
[Termination "Rud_Makarian won by resignation"]

1. c4 e6 2. d4 d5 3. Nf3 Nf6 4. Nbd2 b6 5. e3 Bb7 6. Bd3 Nbd7 7. O-O Bd6 8. Qe2 c5 9. e4 dxe4 10. Nxe4 Nxe4 11. Bxe4 Bxe4 12. Qxe4 O-O 13. Bg5 Be7 14. Bxe7 Qxe7 15. Rfe1 cxd4 16. Nxd4 Nf6 17. Qe3 Rac8 18.
b3 Rfd8 19. Rad1 h6 20. h3 Rd7 21. Rd2 Qc5 22. Red1 Rcd8 23. Nf3 Qxe3 24. fxe3 Rxd2 25.
Rxd2 Rc8 26. Rd4 Kf8 27. Kf2 Ke7 28. Ke2 g5 29. g4 Nd7 30. Rd1 a6 31. Nd4 Nc5 32.
Kf3 Nd7 33. Ke2 Nf6 34. Kf3 Rc5 35. a4 Nd7 36. Ke2 Ne5 37. Nf3 Nc6 38. Kd3 f5 39. Kc3 a5 40. Nd4 Kf6 41. Nxc6 Rxc6 42. Rd8 Ke5 43. Rh8 f4 44. Kd3 Rd6+ 45. Ke2 Ke4 46.
exf4 gxf4 47. Rxh6 f3+ 48. Ke1 Ke3 49. Rf6 Rd3 50. Rxe6+ Kf4 51. g5 Kg3 52. Rf6 Re3+ 53. Kf1 Rxb3 54. Ke1 Rb1+ 55. Kd2 f2 56. g6 Rb2+ 57. Ke3 Rb3+ 58. Ke2 Rb2+ 59. Ke3 Rb3+ 60. Ke4 Kg2 61. Rxf2+ Kxf2 62. g7 Rg3 63. Kd5 Rxg7 64. Kc6 Rg6+ 65. Kb5 Ke3 66. h4 Kd4 67. h5 Rh6 0-1

[Event "Early-Titled-Tuesday-Blitz-January-30-2024"]
[Site "Chess.com"]
[Date "2024.01.30"]
[Round "2"]
[White "Casablanca"]
[Black "inneremptiness"]
[Result "0-1"]
[WhiteElo "2569"]
[BlackElo "2855"]
[TimeControl "180+1"]
[EndTime "8:20:41 PST"]
[Termination "inneremptiness won on time"]

1. d4 Nf6 2. Bg5 Ng8 3. e4 c6 4.
Nf3 d5 5. exd5 cxd5 6. c3 Nc6 7. Bd3 Qc7 8. h3 e6 9. Nbd2 Bd6 10. O-O h6 11.
Be3 Nf6 12. Re1 O-O 13. a4 a6 14. Nb3 Rb8 15. Nbd2 Bd7 16. Qe2 Rfe8 17. Rec1 e5 18. dxe5 Nxe5 19. Nxe5 Bxe5 20. Qf3 Rbd8 21. a5 Qd6 22.
Bb6 Rc8 23. Re1 Bc6 24. Qd1 Ne4 25. Bxe4 dxe4 26. Nc4 Qg6 27. Nxe5 Rxe5 28. Re3 Bb5 29. Rg3 Rg5 30. Rxg5 hxg5 31. Qd4 Bd3 32. Re1 Qf5 33. Qd6 Re8 34. Re3 Qe6 35. Qg3 f6 36. Qc7 Re7 37. Qd8+ Kh7 38. Qb8 f5 39. Rg3 Qg6 40. Qd8 Re8 41.
Qxg5 Qxg5 42. Rxg5 g6 43. h4 Re5 44. Bd4 Rxa5 45.
h5 gxh5 46. Rxh5+ Kg6 47. Rh8 Rb5 48. b4 a5 49. bxa5 Rxa5 50. Rg8+ Kh6 51. Rg7 b5 52. g3 Ra8 53. Rb7 Rd8 54. Be3+ Kg6 55. Rb6+ Kf7 56. Kg2 Rc8 57. Bd4 Ke7 58. Rh6 Rc4 59. Rh7+ Ke6 60. Rb7 Rc6 61. Kh3 Kd5 62. Kg2 Kc4 63. Be5 Re6 64. Bd4 Kb3 65. Rf7 Rd6 66. Be5 Rd5 67. Bg7 Kc2 68. Rb7 Rd8 69. Rf7 Rg8 70. Be5 Re8 71.
Bd4 Kb3 72. Rxf5 e3 73. Re5 Rxe5 74. Bxe5 e2 0-1

[Event "Early-Titled-Tuesday-Blitz-January-30-2024"]
[Site "Chess.com"]
[Date "2024.01.30"]
[Round "2"]
[White "Amirreza_p"]
[Black "stasOR4ik"]
[Result "1/2-1/2"]
[WhiteElo "2752"]
[BlackElo "2411"]
[TimeControl "180+1"]
[EndTime "8:20:43 PST"]
[Termination "Game drawn - insufficient material"]

1. d4 d5 2. g3 Nf6 3. Bg2 c6 4. c4 Nbd7 5. Nc3 e6 6. e4 dxe4 7. Nxe4 Nxe4 8. Bxe4 Bb4+ 9. Bd2 Qa5 10. a3 Bxd2+ 11.
Qxd2 Qxd2+ 12. Kxd2 e5 13. Nf3 exd4 14. Nxd4 O-O 15.
Rad1 Ne5 16. Kc3 Bh3 17. Rhe1 f6 18. f4 Ng6 19. Bf5 Bxf5 20. Nxf5 Rad8 21. Nd6 Rd7 22. b4 Rfd8 23. c5 Ne7 24. Re6 Nd5+ 25. Kc4 Nc7 26. Re3 Nb5 27. Red3 Nxd6+ 28. cxd6 b6 29. b5 c5 30. f5 Kf7 31. g4 Re8 32. Kd5 Rc8 33. Rc1 Rxd6+ 34. Kxd6 Rd8+ 35. Kc7 Rxd3 36. a4 Rd4 37. a5 bxa5 38. Kb7 Rb4 39. Rxc5 a4 40. Rc7+ Kf8 41. Kc8 Rxb5 42. Rxa7 Rb4 43. h3 Rd4 44.
Kc7 h5 45. gxh5 Rh4 46. Kd6 Rxh5 47. Ke6 Kg8 48. Ra8+ Kh7 49. Rxa4 Rxh3 50. Kf7 Kh6 51. Rg4 Rb3 52. Rg6+ Kh5 53. Rxg7 Kh6 54. Rg6+ Kh7 55. Kxf6 Rb6+ 56. Kf7 Rb7+ 57. Kf8 Rb8+ 58. Ke7 Rb7+ 59. Kf6 Rb6+ 60. Kg5 Rxg6+ 61. fxg6+ Kg7 62. Kf5 Kg8 63. Kf6 Kf8 64. Kg5 Kg7 65. Kh5 Kg8 66. Kg4 Kf8 67.
Kf4 Kg8 68. Kf5 Kg7 69. Kg5 Kg8 70. Kf6 Kf8 71. Ke6 Kg7 72. Kf5 Kg8 73. Kg4 Kf8 74. Kh5 Kg7 75. Kh4 Kxg6 1/2-1/2

[Event "Early-Titled-Tuesday-Blitz-January-30-2024"]
[Site "Chess.com"]
[Date "2024.01.30"]
[Round "2"]
[White "LangesNasenhaar"]
[Black "ChessQueen"]
[Result "1/2-1/2"]
[WhiteElo "2418"]
[BlackElo "2730"]
[TimeControl "180+1"]
[EndTime "8:20:51 PST"]
[Termination "Game drawn - insufficient material"]

1. d4 f5 2. Nc3 Nf6 3. Bg5 d5 4. Bxf6 exf6 5. e3 c6 6. Qf3 Bd6 7. Bd3 g6 8. Nge2 Be6 9. h4 Qe7 10. h5 Rg8 11. hxg6 hxg6 12. O-O-O Nd7 13. Nf4 O-O-O 14.
Nxe6 Qxe6 15. Rh7 Kb8 16. Rdh1 Nf8 17. Rh8 Rxh8 18. Rxh8 Re8 19. Ne2 Nd7 20. Rh6 Qf7 21.
Qh3 Nf8 22. a3 a5 23. g3 Re7 24. Rh8 Ka7 25. Qh6 Ne6 26. Nf4 Bxf4 27. gxf4 Rc7 28. Kb1 c5 29. dxc5 Nxc5 30. Rf8 Qe7 31. Qh8 Nxd3 32. cxd3 Rc6 33. Ra8+ Kb6 34. Qd8+ Qxd8 35.
Rxd8 g5 36. Rxd5 gxf4 37. exf4 Re6 38. Rxf5 Re2 39. Rxf6+ Kc5 40. Rf7 b5 41. Rf5+ Kc6 42.
Rf8 Rxf2 43. f5 b4 44. axb4 axb4 45. Ka2 Rf3 46. f6 Kb7 47. Kb3 Rxd3+ 48. Kxb4 Rf3 49.
f7 Rf2 50. b3 Rf3 51. Kc4 Rf4+ 52. Kd5 Rf3 53. Ke4 Rf1 54. Ke5 Ka7 55. Kd5 Kb7 56. Kc5 Rf5+ 57. Kb4 Rf3 58. Ka4 Rf4+ 59. b4 Rf1 60.
Ka5 Rf5+ 61. Ka4 Rf4 62. Rg8 Rxf7 63. Rg5 Rf6 64. Kb5 Re6 65. Kc5 Rc6+ 66. Kd5 Rf6 67.
Kc5 Rc6+ 68. Kb5 Rb6+ 69. Ka5 Ra6+ 70. Kb5 Rb6+ 71. Kc4 Rc6+ 72. Rc5 Rf6 73. Rd5 Rc6+ 74. Kd4 Kb6 75. Rf5 Rc1 76. Kd3 Rc8 77. Re5 Rc7 78. Kd4 Rc8 79. Rf5 Rc7 80. Rf6+ Kb5 81. Rf5+ Kxb4 82.
Ke4 Re7+ 83. Kf4 Rc7 84. Re5 Rc4+ 85. Re4 Rxe4+ 86. Kxe4 1/2-1/2

[Event "Early-Titled-Tuesday-Blitz-January-30-2024"]
[Site "Chess.com"]
[Date "2024.01.30"]
[Round "2"]
[White "KononenkoD"]
[Black "Preobrazhenska_D2011"]
[Result "0-1"]
[WhiteElo "2571"]
[BlackElo "2376"]
[TimeControl "180+1"]
[EndTime "8:20:52 PST"]
[Termination "Preobrazhenska_D2011 won by checkmate"]

1. e4 c5 2. Nf3 d6 3. d4 cxd4 4. Nxd4 Nf6 5. Nc3 a6 6. Bc4 e6 7. Bb3 Qc7 8. O-O Be7 9. f4 O-O 10. f5 exf5 11. exf5 Nbd7 12. Bg5 h6 13. Bh4 d5 14.
Kh1 Rd8 15. Bg3 Qc5 16. Qd3 b5 17. a3 Bb7 18. Rae1 Ne4 19. Nxe4 dxe4 20. Qd1 Nf6 21. c3 Bd6 22. Bxd6 Rxd6 23. Qc1 Rad8 24. Qf4 Bd5 25. Bc2 Bc4 26. Rf2 Re8 27. h3 Rd5 28. Re3 Rde5 29.
Rg3 Nh5 30. Qg4 Nxg3+ 31. Qxg3 e3 32. Rf3 e2 33. Nxe2 Bxe2 34. Rf2 Qe3 35. Qxe3 Rxe3 36. f6 gxf6 37. Rxf6 Bd3 38. Bxd3 Rxd3 39. Rxa6 Rd2 40. Ra7 Rxb2 41. Rb7 Re1+ 42. Kh2 Ree2 43. Kg3 Rxg2+ 44.
Kf3 Rgc2 45. Ke4 Rxc3 46. Kd5 Rxa3 47. h4 Kg7 48. h5 b4 49. Kc4 Rc3+ 50. Kd4 Rc1 51.
Rb6 b3 52. Kd3 Rcc2 53. Rb4 Rc7 54. Rg4+ Kh7 55. Rb4 Rb1 56. Kd2 b2 57. Rb3 Rcc1 58.
Rb7 Kg7 59. Rb3 Rd1+ 60. Kc3 Rbc1+ 61. Kxb2 Rb1+ 62. Ka3 Rxb3+ 63. Kxb3 f5 64. Kc3 Rd8 65. Kc2 f4 66. Kc3 f3 67. Kc4 f2 68. Kc5 f1=Q 69.
Kc6 Qd3 70. Kc7 Qd6+ 71. Kb7 Rb8+ 72. Ka7 Qb6# 0-1

[Event "Early-Titled-Tuesday-Blitz-January-30-2024"]
[Site "Chess.com"]
[Date "2024.01.30"]
[Round "2"]
[White "karinachess1"]
[Black "margarita_2703"]
[Result "1/2-1/2"]
[WhiteElo "2630"]
[BlackElo "2324"]
[TimeControl "180+1"]
[EndTime "8:20:57 PST"]
[Termination "Game drawn - insufficient material"]

1. d4 d5 2. c4 c6 3. Nf3 e6 4. e3 Nf6 5. Bd3 Nbd7 6. O-O Be7 7. Nbd2 O-O 8. e4 dxe4 9. Nxe4 Nxe4 10. Bxe4 Nf6 11. Bc2 c5 12. Bg5 h6 13. Bh4 b6 14.
Qd3 g6 15. dxc5 bxc5 16. Ne5 Qxd3 17. Bxd3 Rd8 18. Be4 Nxe4 19. Bxe7 Re8 20. Bh4 g5 21.
Bg3 f6 22. Nd3 e5 23. f3 Nd2 24. Rfc1 Be6 25. Nxc5 Bf5 26. b3 a5 27. Bf2 e4 28.
fxe4 Nxe4 29. Bd4 Nxc5 30. Bxc5 Re2 31. Rf1 Be4 32. Rf2 Rxf2 33. Kxf2 f5 34. Rd1 a4 35. b4 Kf7 36. Rd7+ Kg6 37. a3 f4 38. Rd6+ Kh5 39. Bd4 Re8 40. Bg7 Bg6 41. c5 Re7 42. Bf6 Re3 43.
c6 Rxa3 44. c7 Ra2+ 45. Kf1 Rc2 46. Bd8 a3 47. Ke1 Bf5 48. Ra6 a2 49. b5 Rc1+ 50. Kd2 a1=Q 51. Rxa1 Rxa1 52. Kc3 Bc8 53. Kd4 Rb1 54.
Kc5 Rb2 55. Bf6 Rxg2 56. b6 Rxh2 57. Kd6 Rd2+ 58. Kc6 f3 59. b7 Rc2+ 60. Kb6 Rb2+ 61. Bxb2 Bxb7 62. Kxb7 f2 63. c8=Q f1=Q 64. Qe8+ Kg4 65.
Qe4+ Qf4 66. Qe6+ Kh5 67. Qe8+ Kh4 68. Be5 Qe4+ 69. Kc7 Qc4+ 70. Kd6 Qd3+ 71. Ke6 h5 72. Qf8 Qc4+ 73. Kf6 Qf1+ 74. Ke7 Qxf8+ 75. Kxf8 Kh3 76. Kf7 g4 77. Kg6 h4 78. Kg5 g3 79. Kf4 Kg2 80. Kg4 Kf1 81. Kxh4 g2 82. Bd4 g1=Q 83.
Bxg1 1/2-1/2

[Event "Early-Titled-Tuesday-Blitz-January-30-2024"]
[Site "Chess.com"]
[Date "2024.01.30"]
[Round "2"]
[White "Alex_Sahakyan2006"]
[Black "Kunalm64"]
[Result "1-0"]
[WhiteElo "2877"]
[BlackElo "2578"]
[TimeControl "180+1"]
[EndTime "8:20:58 PST"]
[Termination "Alex_Sahakyan2006 won by resignation"]

1. e4 c6 2. Nc3 d5 3. d4 a6 4. Nf3 Bg4 5. h3 Bh5 6. Bd3 e6 7. O-O Nf6 8. Bg5 dxe4 9. Nxe4 Be7 10. c3 Nxe4 11. Bxe7 Qxe7 12. Bxe4 Nd7 13. Re1 O-O 14.
Bd3 Nf6 15. Re3 Rfd8 16. Qc2 Bxf3 17. Rxf3 c5 18. dxc5 Qxc5 19. Rd1 Rd6 20. Be2 Rad8 21.
Rxd6 Rxd6 22. Rd3 h6 23. Bf3 b6 24. Qd2 Rxd3 25. Qxd3 a5 26. Bd1 g5 27. a3 Qd5 28.
Qc2 Qe4 29. Qxe4 Nxe4 30. Kf1 Kg7 31. Ke2 Kf6 32. Bc2 Ke5 33. Ke3 Nd6 34. Bd3 f6 35. g3 Kd5 36. b3 e5 37. g4 b5 38. f3 a4 39. bxa4 bxa4 40. Bc2 Nc4+ 41. Kd3 Kc5 42. Ke4 Nd6+ 43. Ke3 Nc4+ 44. Kd3 Kd5 45. Ke2 Kc5 46. Bxa4 Nxa3 47. Kd3 Nc4 48. Bb3 Nd6 49. Be6 Kc6 50. Kc2 Kc5 51. Kd3 Kb5 52.
Bg8 Kc6 53. c4 Kc5 54. Bd5 Kb4 55. Be6 e4+ 56. fxe4 Kc5 57. Bd5 Nc8 58. e5 fxe5 59. Ke4 Ne7 60. Kxe5 Ng6+ 61. Kf6 Nf4 62. Kg7 Nxh3 63.
Kxh6 Kd4 64. Kg6 Ke5 65. Bb7 Kd4 66. Bd5 Ke5 67. Bg8 Kd4 68. Kf5 Kc5 69. Bd5 Kd4 70. Bg2 Nf4 71. Bf1 Ne6 72. Kxe6 Kc5 73. Kf5 Kd4 74. Kxg5 Kc5 75. Kh6 Kd4 76. g5 Kc5 77. g6 Kd6 78. g7 Kc5 79. g8=Q Kd4 80. Qd5+ Kc3 81. c5 1-0

[Event "Early-Titled-Tuesday-Blitz-January-30-2024"]
[Site "Chess.com"]
[Date "2024.01.30"]
[Round "2"]
[White "Defend1r"]
[Black "Arlo2024"]
[Result "1/2-1/2"]
[WhiteElo "2530"]
[BlackElo "2308"]
[TimeControl "180+1"]
[EndTime "8:21:11 PST"]
[Termination "Game drawn - insufficient material"]

1. Nf3 Nf6 2. c4 c5 3. b3 Nc6 4. Bb2 e6 5. e3 Be7 6. d4 cxd4 7.
Nxd4 Nxd4 8. Qxd4 O-O 9. Nc3 d6 10. Be2 a6 11. Bf3 Qc7 12. O-O Bd7 13. Rac1 Bc6 14.
Nd5 Qd7 15. Nb6 Qc7 16. Nxa8 Rxa8 17. Bxc6 Qxc6 18. Rfd1 Bf8 19. Ba3 Ne8 20. Qh4 b6 21. Qg3 a5 22. h4 Rc8 23. h5 h6 24. Qh4 Nf6 25. Bb2 Ne8 26. e4 a4 27. e5 dxe5 28.
Bxe5 axb3 29. axb3 Qc5 30. Bd4 Qb4 31. Rd3 Be7 32. Qg4 Nf6 33. Bxf6 Bxf6 34. Qd1 Qc5 35. Qf3 Qg5 36. Rcd1 Rc5 37. Qe4 Re5 38. Qa8+ Kh7 39. Rh3 Be7 40. Qf3 Bc5 41. Qxf7 Rf5 42. Qg6+ Qxg6 43.
hxg6+ Kxg6 44. Rd2 Re5 45. g3 Re1+ 46. Kg2 Rb1 47.
g4 Kg5 48. Rg3 e5 49. Re2 Bd4 50. Rf3 g6 51. Re4 Rb2 52. Kg3 Rb1 53. Re2 Rg1+ 54. Kh2 Rxg4 55. Rg3 h5 56. Rxg4+ Kxg4 57. Kg2 g5 58. Ra2 h4 59. b4 h3+ 60. Kh2 Kf4 61.
Rc2 g4 62. c5 bxc5 63. bxc5 Kf3 64. c6 Bxf2 65. Rxf2+ Kxf2 66. c7 g3+ 67. Kxh3 g2 68.
c8=Q g1=Q 69. Qc5+ Kf1 70. Qc4+ Kf2 71. Qc2+ Kf1 72.
Qf5+ Qf2 73. Qxe5 Qg2+ 74. Kh4 Qf2+ 75. Kh3 Qg2+ 76. Kh4 Qf2+ 77. Kg5 Qg2+ 78. Kh6 Qf2 79. Qb5+ Qe2 80. Qa5 Qh2+ 81. Kg7 Qg2+ 82. Kf7 Qf2+ 83. Ke7 Qe2+ 84. Kd8 Qd1+ 85. Kc7 Qc2+ 86. Kb7 Qb3+ 87.
Ka8 Qg8+ 88. Kb7 Qf7+ 89. Kc8 Qe8+ 90. Kc7 Qe7+ 91. Kc6 Qe6+ 92. Kb7 Qd7+ 93. Qc7 Qxc7+ 94. Kxc7 1/2-1/2

[Event "Early-Titled-Tuesday-Blitz-January-30-2024"]
[Site "Chess.com"]
[Date "2024.01.30"]
[Round "2"]
[White "sonicdravise"]
[Black "yosephtaher"]
[Result "1-0"]
[WhiteElo "2620"]
[BlackElo "2913"]
[TimeControl "180+1"]
[EndTime "8:21:16 PST"]
[Termination "sonicdravise won by resignation"]

1. d4 Nf6 2. c4 c5 3. d5 b5 4. cxb5 a6 5. bxa6 Bxa6 6. Nc3 d6 7. Nf3 g6 8. g3 Bg7 9. Bg2 O-O 10. Rb1 Qb6 11. O-O Nbd7 12. b3 Qa5 13. Bd2 Rfb8 14. a4 Qc7 15. Qc2 Rb7 16. Rfd1 Rab8 17. e4 Ng4 18.
Bf1 Qb6 19. Bxa6 Qxa6 20. Nb5 Nde5 21. Nxe5 Bxe5 22. Kg2 Qb6 23. h3 Nf6 24. f4 Bd4 25. Nxd4 cxd4 26. b4 e6 27. Qc6 Qa7 28. dxe6 Rb6 29.
exf7+ Qxf7 30. Qc2 Qb7 31. Re1 Re8 32. Qb3+ Kg7 33. Qd3 Nxe4 34. Qxd4+ Kg8 35. Kh2 h5 36. Bc3 Re7 37. Qh8+ Kf7 38. Qg7+ Ke8 39. Qxg6+ Kd7 40. Qf5+ Ke8 41. Bf6 Qc6 42. Rb2 Nxf6 43. Rxe7+ Kxe7 44. Re2+ Kf7 45. Qe6+ Kg7 46. Qe7+ Kg6 47.
f5+ Kg5 48. h4+ Kg4 49. Qxf6 Kf3 50. Qb2 Rb8 51. Rf2+ Ke4 52. Qe2+ Kd4 53. Rf4+ Kc3 54. Qe3+ Kb2 55. Rf2+ Kb1 56. Rf1+ Kb2 57. Qd4+ Ka2 58. Rf2+ Ka3 59. Qd3+ Kxb4 60. Ra2 Ka5 61. f6 Qc5 62. Rc2 Qb4 63. Qd5+ Ka6 64. Rc6+ Ka7 65. Rc7+ Ka6 66. Qc6+ Qb6 67. Qxb6+ Kxb6 68. Rh7 d5 69. Rxh5 Kc6 70. Rf5 d4 71. f7 Rf8 72. Kg2 Kd6 73. Kf2 Ke6 74.
Rf4 Kd5 75. Ke2 Kc4 76. Kd2 Kd5 1-0

[Event "Early-Titled-Tuesday-Blitz-January-30-2024"]
[Site "Chess.com"]
[Date "2024.01.30"]
[Round "2"]
[White "bardiya_Daneshvar"]
[Black "Karttunen"]
[Result "1-0"]
[WhiteElo "2928"]
[BlackElo "2603"]
[TimeControl "180+1"]
[EndTime "8:21:21 PST"]
[Termination "bardiya_Daneshvar won by resignation"]

1. Nf3 Nf6 2. b3 e6 3. Bb2 d5 4. e3 c5 5. Bb5+ Bd7 6. a4 a6 7. Bxd7+ Qxd7 8. Ne5 Qc7 9. O-O Nc6 10. f4 Bd6 11.
Nxc6 Qxc6 12. d3 c4 13. Bd4 cxb3 14. cxb3 Bc5 15. Bxc5 Qxc5 16. Qd2 Rc8 17. Ra2 d4 18. e4 Ng4 19. b4 Qh5 20. h3 Ne3 21. Rc1 O-O 22.
Nc3 f6 23. Ne2 e5 24. Raa1 Qg6 25. g3 exf4 26. Rxc8 Rxc8 27. Rc1 Rf8 28. Kh2 fxg3+ 29. Nxg3 f5 30. exf5 Nxf5 31. Ne4 Ne3 32. Qe2 Qf5 33. Rg1 Qf4+ 34. Kh1 Qf3+ 35. Qxf3 Rxf3 36. Rc1 Rxh3+ 37. Kg1 h6 38. Rc7 Nf5 39. Rxb7 Rxd3 40. Nc5 Ra3 41. a5 d3 42. Rd7 Ne3 43. Nxd3 Nc2 44. Kf2 Rb3 45.
Nc5 Rb2 46. Ne6 Nxb4+ 47. Kg3 g5 48. Kg4 Rf2 49. Kh5 Rf6 50. Nc7 Nc6 51. Nxa6 Nxa5 52. Nc5 Nc6 53. Ne4 Re6 54. Ng3 Ne5 55. Ra7 Nf7 56.
Nf5 Rf6 57. Ne7+ Kh7 58. Nd5 Rf1 59. Rb7 Kg7 60. Ne3 Rh1+ 61. Kg4 Kg6 62. Rb6+ Kh7 63.
Nf5 h5+ 64. Kg3 Rf1 65. Ne3 Rf4 66. Nd5 h4+ 67. Kh3 Rf1 68. Nf6+ Kg7 69. Ng4 Rf3+ 70. Kh2 Rf4 71. Kh3 Rf3+ 72. Kh2 Rg3 73. Nf6 Nh6 74.
Nh5+ Kh7 75. Nxg3 hxg3+ 76. Kxg3 Kg7 77. Ra6 Kh7 78. Kf3 Kg7 79. Ke4 Kh7 80. Ke5 Kg7 81.
Rb6 Nf7+ 82. Kf5 Nh6+ 83. Kxg5 Nf7+ 84. Kf5 Nh6+ 85. Ke5 Nf7+ 86. Ke6 Ng5+ 87. Kf5 Nf7 88. Rb7 Kf8 89. Kf6 Nd6 90. Rb8+ Ne8+ 91. Ke6 Kg7 92. Rxe8 1-0

[Event "Early-Titled-Tuesday-Blitz-January-30-2024"]
[Site "Chess.com"]
[Date "2024.01.30"]
[Round "2"]
[White "GMBenjaminBok"]
[Black "YurasovMat-2012"]
[Result "1/2-1/2"]
[WhiteElo "2946"]
[BlackElo "2615"]
[TimeControl "180+1"]
[EndTime "8:22:07 PST"]
[Termination "Game drawn by repetition"]

1. d4 d5 2. c4 c6 3. Nf3 Nf6 4. cxd5 cxd5 5. Nc3 Nc6 6. Bf4 Bf5 7. e3 e6 8. Qb3 Bb4 9. Ne5 Qa5 10. Nxc6 bxc6 11.
Be2 O-O 12. O-O c5 13. Bd6 Rfc8 14. Rfc1 Qb6 15. dxc5 Bxc5 16. Qxb6 axb6 17. Be5 Nd7 18. Bg3 Bb4 19. Bb5 Nc5 20. Na4 Nxa4 21. Rxc8+ Rxc8 22. Bxa4 Bd3 23. h3 h6 24. a3 Be7 25. Be5 b5 26. Bd1 f6 27. Bc3 Kf7 28. Bg4 f5 29. Bf3 Bf6 30. Bxf6 Kxf6 31. Rd1 Be4 32. Be2 Rc2 33.
Bxb5 Rxb2 34. a4 Ra2 35. f3 Bc2 36. Rd4 Ke7 37. Rb4 Kd6 38. Be8 g5 39. Kh2 Bd1 40. Kg1 Bc2 41. h4 Ke7 42. Bb5 Kf6 43. hxg5+ hxg5 44. Bc6 Ke7 45. Rb7+ Kd6 46. Bb5 Bxa4 47. Bxa4 Rxa4 48. Rg7 g4 49. Kf2 gxf3 50. gxf3 f4 51. exf4 Rxf4 52. Ke3 Ra4 53. Rg8 Ra3+ 54. Ke2 Ke5 55.
Rg4 Kf5 56. Rb4 e5 57. Rb8 d4 58. Rf8+ Ke6 59. Re8+ Kd6 60. Rd8+ Ke7 61. Rb8 Ra5 62. Rb6 Rd5 63. Kd3 Rd6 64. Rb5 Kf6 65. Ra5 Kf5 66.
Ra8 Rf6 67. Re8 Kf4 68. Re7 Kxf3 69. Rxe5 Rf4 70. Re8 Kf2 71. Re7 Rf3+ 72. Kxd4 Rf4+ 73. Kd3 Rf3+ 74. Kd2 Rf4 75. Ra7 Rd4+ 76. Kc3 Rf4 77. Kd3 Rf3+ 78. Ke4 Re3+ 79. Kd4 Rf3 80. Ra2+ Kg3 81.
Ke4 Rf4+ 82. Ke5 Rf3 83. Ra8 Re3+ 84. Kd4 Rf3 85. Ke4 Rf4+ 86. Ke5 Rf3 87. Rg8+ Kf2 88. Ke4 Re3+ 89. Kd4 Rf3 90. Rb8 Rf4+ 91. Ke5 Rf3 92.
Ke4 Re3+ 93. Kf4 Rf3+ 94. Kg4 Rg3+ 95. Kh4 Rf3 96. Rb2+ Ke3 97. Kg4 Rf4+ 98. Kg5 Rf3 99. Ra2 Rg3+ 100. Kf5 Rf3+ 101. Ke5 Rg3 102. Ra3+ Kf2 103. Ra1 Re3+ 104. Kf4 Rf3+ 105. Ke4 Re3+ 106. Kd4 Rf3 107. Ra8 Rf4+ 108. Ke5 Rf3 109. Ke4 Re3+ 110. Kd4 Rf3 111.
Ra2+ Kg3 112. Ke4 Rf4+ 113. Ke5 Rf3 114. Ra8 Re3+ 115. Kd4 Rf3 116. Ke4 Rf4+ 117. Ke3 Rf3+ 118. Ke2 Rf2+ 119. Ke1 Rf3 120. Kd2 Rf2+ 121. Ke3 Rf3+ 122. Ke4 1/2-1/2